 Dungeon Crawl Stone Soup version 0.28-a0-684-g30a9fa1a03 (webtiles) character file.

Game seed: 8956897963484336010

1900 BlueGoblin the Spry (level 8, -1/39 HPs)
             Began as a Spriggan Monk on Oct 19, 2021.
             Slain by a vampire mosquito (10 damage)
             ... on level 5 of the Dungeon.
             The game lasted 00:18:25 (9679 turns).

BlueGoblin the Spry (Spriggan Monk)                 Turns: 9679, Time: 00:18:26

Health: -1/39      AC:  3    Str:  7    XL:     8   Next: 93%
Magic:  9/9        EV: 35    Int: 11    God:
Gold:   252        SH:  0    Dex: 26    Spells: 7/7 levels left

rFire   . . .      SeeInvis +   a - +1 short sword (elec)
rCold   . . .      Faith    .   (shield restricted)
rNeg    . . .      Spirit   .   x - +0 robe
rPois   +          Reflect  .   (helmet restricted)
rElec   .          Harm     .   t - +0 cloak
rCorr   .          Rampage  .   (gloves unavailable)
Will    +....                   (boots unavailable)
Stlth   +++.......              (no amulet)
HPRegen 0.13/turn               h - ring of poison resistance
MPRegen 0.11/turn               p - +6 ring of dexterity

@: very quick
A: very small, no large weapons, unfitting armour, see invisible, speed 3
a: no special abilities


You were on level 5 of the Dungeon.
You visited 2 branches of the dungeon, and saw 8 of its levels.

You collected 252 gold pieces.

Inventory:

Hand Weapons
 a - a +1 short sword of electrocution (weapon)
 b - a +1 dagger of venom
Missiles
 f - 20 bolts
 g - 43 sling bullets
 i - a throwing net
 v - 35 poisoned darts (quivered)
Armour
 t - a +0 cloak (worn)
 x - a +0 robe (worn)
Jewellery
 h - a ring of poison resistance (left hand)
 l - a ring of resist corrosion
 m - a ring of protection from fire
 p - a +6 ring of dexterity (right hand)
Wands
 n - a wand of acid (17)
 q - a wand of iceblast (7)
 w - a wand of polymorph (5)
Scrolls
 c - 2 scrolls of fog
 u - a scroll of brand weapon
 y - a scroll of amnesia
 z - 2 scrolls of magic mapping {unknown}
 A - a scroll of teleportation
 B - a scroll of identify
Potions
 d - a potion of brilliance {unknown}
 e - a potion of haste {unknown}
 k - a potion of berserk rage {unknown}
 o - a potion of might {unknown}
 s - a potion of lignification {unknown}


   Skills:
 - Level 2.4 Fighting
 - Level 3.2 Short Blades
 + Level 15.3 Dodging
 - Level 3.0 Stealth


You had 7 spell levels left.
You didn't know any spells.
Your spell library contained the following spells:

 Spells                   Type           Power      Damage    Failure   Level
 Beastly Appendage        Tmut           0%         N/A       34%         1
 Sandblast                Erth           0%         2d4       34%         1
 Shock                    Conj/Air       0%         1d3       34%         1
 Passwall                 Tmut/Erth      0%         N/A       47%         2
 Wereblood                Tmut           0%         N/A       47%         2
 Spider Form              Tmut/Pois      0%         N/A       71%         3
 Stone Arrow              Conj/Erth      0%         3d7       71%         3
 Summon Forest            Summ/Tloc      0%         N/A       100%        5
 Summon Mana Viper        Hex/Summ       0%         N/A       100%        5
 Summon Cactus Giant      Summ           0%         N/A       100%        6


Dungeon Overview and Level Annotations

Branches:
Dungeon (7/15)             Temple (1/1) D:4

Altars:
Ashenzari
Cheibriados
Fedhas
Gozag
Hepliaklqana
Kikubaaqudgha
Makhleb
Nemelex Xobeh
Okawaru
Ru
Trog
Vehumet
Yredelemnul
The Shining One

Shops:
D:3 ==[   D:5 :


Innate Abilities, Weirdness & Mutations

You are very small and have problems with some larger weapons.
You are too small for most types of armour.
You have supernaturally acute eyesight. (SInv)
You cover ground extremely quickly. (Speed+++)


Message History

Press: ? - help, Shift-Dir - straight line, f - vampire mosquito
Aim: a vampire mosquito (moderately damaged, 51% to hit)
You throw a throwing net.
The throwing net closely misses the vampire mosquito.
The vampire mosquito completely misses you.
The vampire mosquito bites you.
The vampire mosquito draws strength from your injuries!
There is an open door here.
The vampire mosquito completely misses you.
The vampire mosquito closely misses you.
You see here a +0 spear.
The vampire mosquito barely misses you.
You see here a throwing net.
i - a throwing net The vampire mosquito closely misses you.
The vampire mosquito completely misses you.
Throw: throwing net
Press: ? - help, Shift-Dir - straight line, f/p - vampire mosquito
Aim: a vampire mosquito (lightly damaged, 51% to hit)
You throw a throwing net.
The throwing net closely misses the vampire mosquito.
The vampire mosquito bites you but does no damage.
The vampire mosquito closely misses you.
There is a stone staircase leading up, spattered with blood here.
There is an open door here.
The vampire mosquito completely misses you.
The vampire mosquito completely misses you.
There is an entrance to Modinano's Book Shop here.
The vampire mosquito completely misses you.
The vampire mosquito closely misses you.
You see here a +0 spear.
You see here a throwing net.
i - a throwing net The vampire mosquito completely misses you.
The vampire mosquito bites you!
* * * LOW HITPOINT WARNING * * *
The vampire mosquito draws strength from your injuries!
There is an open door here.
The vampire mosquito bites you!
You die...

#.<##.####.##..###8.##...##.)....
#..##.####'##...##..#######.)....
...........#....8)∩.8............
...........#.....#<..............
...........'.....#8......##...##.
...........#.....#.......###'###.
#.###########.<.##...)...##......
####..####.##'####.......##......
...............y@......>.........
...........>.............#######.
.........................##...##.
..........................#...#..
#.##....##................'...#..
#'########.....[#<........#...#..
........#########........##...##.
.........# #.#########'####.
.........# ### #.......


You could see a vampire mosquito.

Vanquished Creatures
  Pikel (D:5)
  A water moccasin (D:6)
  2 ice beasts
  A sky beast (D:5)
  A centaur (D:6)
  2 lemures (D:5)
  A gnoll sergeant (D:6)
  5 scorpions
  A howler monkey (D:6)
  3 hounds
  An orc priest (D:5)
  A centaur skeleton (D:4)
  Crazy Yiuf (D:5)
  A gnoll shaman (D:5)
  2 iguanas
  5 orc wizards (D:5)
  A howler monkey zombie (D:6)
  7 adders
  9 gnolls
  A howler monkey skeleton (D:5)
  An ufetubus (D:4)
  2 adder zombies (D:5)
  2 adder skeletons (D:4)
  A worm (D:2)
  2 dart slugs (D:1)
  7 orcs
  5 ball pythons
  7 endoplasms
  2 giant cockroaches
  3 hobgoblins
  3 quokkas
  4 bats
  7 frilled lizards
  7 goblins
  7 kobolds
  A rat (D:2)
108 creatures vanquished.

Vanquished Creatures (others)
  A fungus (D:4)
1 creature vanquished.

Grand Total: 109 creatures vanquished

Notes
Turn   | Place    | Note
-------+----------+-------------------------------------------
     0 | D:1      | BlueGoblin the Spriggan Monk began the quest for the Orb.
     0 | D:1      | Reached XP level 1. HP: 11/11 MP: 2/2
   183 | D:1      | Found a faded altar of an unknown god.
   201 | D:1      | Reached XP level 2. HP: 16/16 MP: 3/3
   204 | D:1      | Got Plato's Collected Works on Conjuration
   293 | D:1      | Reached skill level 5 in Dodging
  1656 | D:2      | Reached XP level 3. HP: 16/19 MP: 4/4
  1990 | D:2      | Reached skill level 6 in Dodging
  2952 | D:3      | Reached XP level 4. HP: 15/23 MP: 5/5
  3126 | D:3      | Found Usoigh's Jewellery Boutique.
  3187 | D:3      | Found Irchinlec's Armour Shop.
  3249 | D:3      | Found Fuipnoz's Jewellery Shop.
  3707 | D:3      | Reached skill level 7 in Dodging
  4119 | D:4      | Found a burning altar of Makhleb.
  4467 | D:4      | Noticed a scorpion
  4474 | D:4      | Killed a scorpion
  4475 | D:4      | Reached XP level 5. HP: 27/27 MP: 6/6
  4480 | D:4      | Found a staircase to the Ecumenical Temple.
  4541 | D:4      | Reached skill level 8 in Dodging
  4621 | D:4      | Found a sacrificial altar of Ru.
  4654 | Temple   | Entered the Ecumenical Temple
  4984 | D:4      | Found a radiant altar of Vehumet.
  5394 | D:4      | Found a broken altar of Ashenzari.
  5880 | D:5      | Entered Level 5 of the Dungeon
  5890 | D:5      | Reached skill level 9 in Dodging
  5890 | D:5      | Reached XP level 6. HP: 30/32 MP: 7/7
  5936 | D:5      | Found Modinano's Book Shop.
  5940 | D:5      | Noticed an ice beast
  5940 | D:5      | Noticed a sky beast
  5964 | D:4      | Killed an ice beast
  6075 | D:5      | Killed a sky beast
  6076 | D:5      | Reached skill level 10 in Dodging
  6191 | D:5      | Reached XP level 7. HP: 31/35 MP: 8/8
  6716 | D:4      | Reached skill level 11 in Dodging
  7260 | D:5      | Found a runed translucent door.
  7261 | D:5      | Noticed Crazy Yiuf
  7279 | D:5      | Found a sparkling altar of Nemelex Xobeh.
  7423 | D:5      | Noticed Pikel
  7454 | D:5      | Killed Pikel
  7455 | D:5      | Reached skill level 13 in Dodging
  7455 | D:5      | Reached XP level 8. HP: 37/39 MP: 9/9
  8111 | D:5      | Killed Crazy Yiuf
  8260 | D:6      | Reached skill level 14 in Dodging
  8765 | D:6      | Reached skill level 15 in Dodging
  9679 | D:5      | Slain by a vampire mosquito

Illustrated notes

Levels and vault maps discovered:
D:1:      dpeg_arrival_boxorama, layout_basic,
          shapermc_ecumenical_altar_rom_forum
D:2:      layout_loops_cross
D:3:      layout_loops_ring, serial_shops, shop, shop_statue, shop,
          minmay_diced_spiral
D:4:      layout_loops_cross, mainiacjoe_overflow_cross_hatched,
          lemuel_tele_altar, mainiacjoe_overflow_brackets,
          minmay_temple_entry_fiery, serial_aquarium, aquarium_bridge_square
          [aquarium_subvault_bridge, aquarium_subvault_bridge,
          aquarium_subvault_window, aquarium_subvault_bridge],
          aquarium_window_fake, aquarium_window_fake, aquarium_view_2c,
          aquarium_pool_five, minmay_ruined_shrine
D:5:      layout_gridville, mainiacjoe_overflow_tiny_flanked, serial_shops,
          nicolae_shop_statue_plus, uniq_pikel, uniq_crazy_yiuf_cottage
D:6:      layout_layer_cave, kennysheep_decorative_pillar
D:7:      layout_cave_pools, roderic_serpentine_path, hex_large,
          serial_bayou_ford_a, hangedman_abyss_or_decor_stagger,
          minmay_misc_feat_doors, nicolae_take_the_stairs, uniq_duvessa,
          uniq_maggie
Temple:   compressed_dpeg_triangle_lava_temple

Skill      XL: |  1  2  3  4  5  6  7  8 |
---------------+-------------------------+-----
Dodging        | 5 6 7 9 10 13 15 | 15.3
Fighting       | |  2.4
Short Blades   | |  3.2
Stealth        | |  3.0

Action                   |  1- 3 |  4- 6 |  7- 9 || total
-------------------------+-------+-------+-------++-------
Melee: Short sword       |   207 |   157 |    83 ||   447
       Dagger            |       |       |   151 ||   151
Throw: Throwing net      |       |       |     2 ||     2
Evoke: Wand              |       |     3 |       ||     3
  Use: Scroll            |       |     8 |     5 ||    13
       Potion            |       |       |     2 ||     2
 Stab: Sleeping          |     8 |    12 |     5 ||    25
       Distracted        |       |       |     2 ||     2
Armor: Robe              |    12 |     5 |    11 ||    28
Dodge: Dodged            |   189 |   140 |   267 ||   596

Table legend: (Time is in decaauts)
 A = Elapsed time spent in this place.
 B = Non-inter-level travel time spent in this place.
 C = Inter-level travel time spent in this place.
 D = Time resting spent in this place.
 E = Time spent auto-exploring this place.
 F = Levels seen in this place.
 G = Mean time per level.
                   A        B        C        D        E       F      G
               +--------+--------+--------+--------+--------+-----+--------+
         Total |   7573 |   7403 |    170 |   2574 |   3408 |   8 |  946.6 |
       Dungeon |   7395 |   7230 |    165 |   2574 |   3250 |   7 | 1056.4 |
        Temple |    178 |    173 |      5 |      0 |    157 |   1 |  178.0 |
               +--------+--------+--------+--------+--------+-----+--------+

Top non-repeatable levels by time:
     D:4: 1858 daAuts
     D:3: 1254 daAuts
     D:1: 1241 daAuts
     D:5: 1112 daAuts
     D:2: 1106 daAuts
     D:6: 811 daAuts
  Temple: 178 daAuts
     D:7: 10 daAuts
